Map: Lerilak Crest

Players

Garemie - Winner!

  • Race: Terran Terran
  • League: Diamond

Jailbird

  • Race: Terran Terran
  • League: Diamond

VOD

Have the link to the VOD?

Description

Time

  • Played on: Dec. 9, 2015, 2:48 p.m.
  • Length: 9:32
Show
View Real Time Build Order
Export as new Build Order

Garemie Terran - Winner!

Build Orders: Banshee Rush 

Get SALT Encoding   

  12  0:01  SCV  
  13  0:13  SCV  
  14  0:17  Supply Depot  
  14  0:25  SCV  
  15  0:39  SCV  
  15  0:42  Refinery  
  16  0:45  Barracks  
  16  0:51  SCV  
  17  1:03  SCV  
  18  1:15  SCV  
  19  1:19  Refinery  
  19  1:31  Orbital Command  
  19  1:32  Reaper  
  20  1:47  Supply Depot  
  20  1:54  Factory  
  20  1:57  SCV  
  21  2:08  Reaper  
  22  2:12  SCV  
  22  2:22  Supply Depot  
  22  2:24  SCV  
  23  2:36  SCV  
  24  2:39  Hellion  
  24  2:40  Reaper, Starport  
  27  2:48  SCV  
  27  3:07  Hellion  
  27  3:12  SCV, Reaper  
  30  3:16  Starport Tech Lab  
  30  3:17  Supply Depot  
  30  3:24  SCV  
  31  3:28  Hellion  
  33  3:35  Cloaking Field  
  33  3:36  Banshee  
  35  3:57  SCV, Hellion, Reaper  
  39  4:22  Viking  
  39  4:23  SCV  
  42  4:25  Command Center  
  42  4:27  Factory Tech Lab  
  42  4:28  Engineering Bay  
  41  4:40  Marine  
  41  4:41  SCV  
  43  4:46  Barracks  
  43  4:48  Barracks  
  43  4:49  Cyclone  
  46  4:58  SCV  
  47  5:10  Supply Depot  
  47  5:11  Raven, Marine  
  47  5:12  SCV  
  46  5:23  Siege Tank  
  41  5:40  Orbital Command  
  38  5:42  Missile Turret  
  24  6:20  SCV  
  25  6:32  SCV  
  24  6:48  Marine  
  24  6:49  SCV x2, Marine x2  
  29  7:01  SCV  
  29  7:02  SCV  
  29  7:06  Marine  
  32  7:10  Missile Turret  
  32  7:12  Missile Turret  
  32  7:14  SCV x2  
  34  7:17  Medivac  
  36  7:26  SCV x2  
  36  7:27  Barracks Tech Lab  
  36  7:28  Barracks Tech Lab  
  38  7:38  SCV  
  38  7:39  SCV  
  40  7:47  Viking  
  40  7:50  SCV  
  43  7:58  Marine  
  43  7:59  Combat Shields, Marine x2  
  46  8:08  SCV x2  
  48  8:26  Marauder x2, Marine  
  53  8:44  Marine  
  53  8:47  Marine  
  55  8:53  Marauder  
  55  8:54  SCV x2  
  59  8:59  Viking  
  59  9:02  Marine  
  62  9:06  Marauder  
  64  9:14  Marine  
Show
View Real Time Build Order
Export as new Build Order

Jailbird Terran 

Build Orders: 1/1/1, Banshee Rush 

Get SALT Encoding   

  12  0:01  SCV  
  13  0:13  SCV  
  14  0:18  Supply Depot  
  14  0:25  SCV  
  15  0:36  Refinery  
  15  0:40  SCV  
  16  0:46  Barracks  
  16  0:52  SCV  
  16  0:56  Refinery  
  17  1:04  SCV  
  18  1:16  SCV  
  19  1:33  Reaper, Orbital Command  
  20  1:40  Factory  
  20  1:46  Supply Depot  
  20  2:00  SCV  
  21  2:05  Reaper  
  22  2:12  SCV  
  23  2:24  SCV, Hellion  
  23  2:27  Starport  
  26  2:36  SCV  
  27  2:38  Barracks Tech Lab  
  27  2:45  Supply Depot  
  27  2:46  Hellion  
  27  2:49  SCV  
  30  3:01  SCV  
  31  3:12  Hellion  
  33  3:14  SCV  
  33  3:17  Banshee, Cloaking Field  
  37  3:26  SCV  
  38  3:27  Barracks Reactor  
  36  3:48  SCV  
  35  3:58  Command Center  
  35  4:00  Banshee  
  35  4:02  Hellion  
  39  4:10  Supply Depot  
  39  4:11  Marine x2  
  39  4:12  Engineering Bay  
  38  4:18  SCV  
  38  4:24  Hellion  
  38  4:30  SCV  
  39  4:34  Marine x2  
  41  4:40  Barracks  
  41  4:42  SCV, Missile Turret  
  42  4:47  Raven  
  42  4:50  Factory Tech Lab  
  44  4:56  SCV  
  42  5:08  SCV  
  42  5:20  SCV, Marine  
  33  5:32  SCV  
  24  5:44  SCV x2  
  25  5:56  SCV  
  27  5:58  Orbital Command  
  23  6:08  SCV  
  24  6:17  Barracks Tech Lab, Marine x2  
  22  6:24  Barracks  
  21  6:28  SCV x2  
  20  6:40  SCV, Marine x2  
  20  6:44  Marine  
  24  6:53  Orbital Command  
  23  6:57  Marine x2  
  25  7:01  Marine  
  25  7:02  SCV  
  25  7:06  Siege Tank  
  30  7:13  Barracks Reactor  
  30  7:14  SCV  
  30  7:15  Marine x2  
  31  7:16  Stimpack  
  31  7:19  SCV  
  34  7:24  Starport Reactor  
  34  7:26  SCV  
  35  7:31  SCV  
  35  7:32  Terran Infantry Weapons Level 1, Marauder  
  38  7:38  SCV  
  38  7:39  Refinery  
  38  7:43  SCV  
  40  7:44  Marine x2  
  40  7:50  SCV, Siege Tank  
  46  7:55  SCV  
  46  7:58  Marine  
  48  8:00  Marine x2  
  48  8:02  SCV  
  48  8:05  Marine  
  52  8:08  SCV  
  52  8:09  Marine  
  54  8:13  Refinery  
  54  8:14  SCV  
  54  8:15  Medivac  
  57  8:22  SCV  
  57  8:26  SCV, Marine  
  53  8:35  Marine x2  
  53  8:37  Marine  
  53  8:38  Marine  
  54  8:44  Marine  
  50  8:53  Marine x2  
  50  8:55  Marine  
  50  9:03  Marine  
Tags
 
Add a new tag
Caveats
  • Supply blocks, unpowered buildings, or Contaminate may cause inaccurate times.
  • Supply counts are checked every 10 seconds.